 Dungeon Crawl Stone Soup version 0.28-a0-620-g539b0f7ac7 (webtiles) character file.

Game seed: 5295814276926546812

7079 robertstho the Thaumaturge (level 11, -17/76 HPs)
             Began as a Djinni Fire Elementalist on Oct 6, 2021.
             Was an Elder of Makhleb.
             Demolished by an orc knight (26 damage)
             ... in a bailey.
             The game lasted 00:16:12 (12868 turns).

robertstho the Thaumaturge (DjFE)                  Turns: 12868, Time: 00:16:12

Health: -17/76     AC: 16    Str: 13    XL:     11   Next: 30%
Gold:   297        EV: 14    Int: 21    God:    Makhleb [****..] SH:  0 Dex: 13

rFire   + + .      SeeInvis +   c - +1 dagger
rCold   x . .      Faith    .   (no shield)
rNeg    . . .      Spirit   .   v - +0 steam dragon scales
rPois   ∞          Reflect  .   E - +2 helmet {SInv}
rElec   .          Harm     .   D - +2 cloak {Will+}
rCorr   .          Rampage  .   (no gloves)
Will    ++...                   (boots unavailable)
Stlth   ++........              (no amulet)
HPRegen 0.22/turn               f - +4 ring of protection
MPRegen 0.00/turn               n - +6 ring of strength

@: flying, studying Shields
A: sickness immunity, fire resistance 2, cold vulnerability 1, float, innate
caster, hp casting, extra vitality 1
a: Renounce Religion, Minor Destruction, Lesser Servant of Makhleb, Major
Destruction


You were in a bailey.
You worshipped Makhleb.
Makhleb was greatly pleased with you.
You visited 1 branch of the dungeon, and saw 10 of its levels.
You also visited: Bailey.

You collected 567 gold pieces.
You spent 270 gold pieces at shops.

Inventory:

Hand Weapons
 c - a +1 dagger (weapon)
Armour
 b - a +0 buckler
 v - +0 steam dragon scales (worn)
 D - a +2 cloak of willpower (worn)
 E - a +2 helmet of see invisible (worn)
Jewellery
 f - a +4 ring of protection (left hand)
 n - a +6 ring of strength (right hand)
 w - a +6 ring of dexterity
 z - a ring of ice
Wands
 o - a wand of digging (13)
 r - a wand of flame (12)
 u - a wand of polymorph (13)
 A - a wand of iceblast (16)
Scrolls
 d - 2 scrolls of identify
 g - a scroll of blinking {unknown}
 i - 5 scrolls of teleportation
 q - a scroll of enchant weapon
 x - 2 scrolls of fog
 B - a scroll of immolation {unknown}
Potions
 a - a potion of lignification {unknown}
 e - a potion of invisibility {unknown}
 h - 4 potions of brilliance {unknown}
 j - 10 potions of curing {unknown}
 k - 2 potions of attraction {unknown}
 l - 3 potions of berserk rage {unknown}
 m - 4 potions of cancellation {unknown}
 p - a potion of heal wounds {unknown}
 C - a potion of might {unknown}


   Skills:
 * Level 5.8 Fighting
 + Level 1.2 Short Blades
 * Level 5.9 Armour
 * Level 6.7 Dodging
 + Level 3.2 Stealth
 + Level 9.1 Spellcasting
 * Level 5.7 Invocations


You had 2 spell levels left.
You knew the following spells:

 Your Spells              Type           Power      Damage    Failure   Level
a - Foxfire               Conj/Fire      100%       2x1d9     1%          1
b - Scorch                Fire           94%        2d9       1%          2
c - Conjure Flame         Conj/Fire      47%        6-21      1%          3
d - Inner Flame           Hex/Fire       47%        N/A       1%          3
e - Flame Wave            Conj/Fire      47%        3d9       1%          4
f - Pain                  Necr           100%       1d9       1%          1
g - Ensorcelled Hibernat  Hex/Ice        94%        N/A       1%          2
h - Corpse Rot            Necr/Air       N/A        N/A       1%          2
i - Gell's Gravitas       Tloc           23%        N/A       1%          3
j - Manifold Assault      Tloc           47%        N/A       4%          5
Your spell library was empty.

Dungeon Overview and Level Annotations

Branches:
Dungeon (10/15)            Temple (0/1) D:6          Bailey (1/1)
   Lair: D:8-11         Orc: D:9-12

Altars:
Cheibriados
Fedhas
Kikubaaqudgha
Makhleb
Nemelex Xobeh
Qazlal
Vehumet

Shops:
D:5 *   D:6 :   D:7 (


Innate Abilities, Weirdness & Mutations

You are immune to sickness and miasma.
You are immune to poison.
Your flesh is very heat resistant. (rF++)
You are vulnerable to cold. (rC-)
You float through the air rather than walking.
You learn spells naturally, not from books.
Your magical power is your life essence.
You have superior vitality. (+4 HP)


Message History

A wave of flame ripples out!
The flame wave engulfs the orc knight!
The orc knight is severely wounded.
The flame wave engulfs the orc warrior!
The orc warrior is heavily wounded.
The flame wave engulfs the orc warrior.
The orc warrior is moderately wounded.
The flame wave engulfs the orc warrior!
The orc warrior is almost dead.
You finish channelling waves of flame.
The orc warrior hits you from afar with a +0 halberd.
The orc warrior closely misses you.
The orc knight hits you but does no damage.
The orc warrior hits you but does no damage.
Casting: Flame Wave (dangerous; 1% risk of failure)
Confirm with . or Enter, or press ? or * to list all spells.
Casting: Flame Wave (dangerous; 1% risk of failure)
Press: ? - help, Dir - look around, f - activate A wave of flame ripples out!
The flame wave engulfs the orc knight!
The orc knight is severely wounded. (Press . to intensify the flame waves.)
The orc warrior closely misses you.
The orc warrior hits you from afar with a +0 trident!!
* * * LOW HITPOINT WARNING * * *
The orc knight hits you with a +0 glaive!
* * * LOW HITPOINT WARNING * * *
The orc warrior misses you.
A wave of flame ripples out!
The flame wave engulfs the orc knight!
The orc knight is almost dead.
The flame wave engulfs the orc warrior!
You kill the orc warrior!
Makhleb accepts your kill.
You feel better.
The flame wave engulfs the orc warrior.
The orc warrior is moderately wounded.
The flame wave engulfs the orc warrior but does no damage.
The orc warrior is almost dead.
* * * LOW HITPOINT WARNING * * *
You hear a shout!
The orc warrior barely misses you. The orc warrior misses you.
The orc knight hits you with a +0 glaive!!
You die...

...≈≈≈≈≈)...#########....≈≈≈≈≈...
...........##.......##...........
..........##..#+#'#..##..........
..........#..## #)##..#..........
.........##.#########.##.........
.........##.')#:.?#)'.##.........
.........##.###)oo###.##.........
.........##.')#.o.#)'.##.........
.........##.####@####.##.........
.....)....#..##∩.∩##..##.........
.......)..##..#'''##.............
...........##.....##.............
...≈≈≈≈≈....##....##..).)≈≈≈≈≈...
..≈≈#)#.≈....#######....≈.#.#≈≈..
..≈##.∩#≈...............≈#∩.##≈..
..≈..^..≈...............≈).^..≈..
..≈##.##≈...............≈##.##≈..


You could see an orc knight and 2 orc warriors.

Vanquished Creatures
  A manticore (D:9)
  Maurice (D:9)
  Maggie (D:6)
  A kobold demonologist (D:9)
  Prince Ribbit (D:5)
  Grinder (D:5)
  Sigmund (D:5)
  Eustachio (D:6)
  A wyvern (D:7)
  A steam dragon (D:8)
  Menkaure (D:7)
  Edmund (D:5)
  2 water moccasins
  Duvessa (D:5)
  2 ice beasts
  A black bear (D:6)
  10 orc warriors
  2 necrophages
  2 ogres
  3 centaurs
  A phantom (D:5)
  3 kobold brigands
  2 bullfrogs
  Blork the orc (D:6)
  A wyvern zombie (D:8)
  5 scorpions
  Dowan (D:5)
  A wyvern skeleton (D:7)
  7 killer bees
  8 wights (D:7)
  A howler monkey (D:6)
  A bullfrog zombie (D:6)
  A centaur zombie (D:8)
  2 jellies
  6 orc priests
  Crazy Yiuf (D:7)
  A centaur skeleton (D:7)
  A hound (D:4)
  Terence (D:2)
  4 iguanas
  8 orc wizards
  Natasha (thrice) (D:2)
  A scorpion zombie (D:5)
  A hound zombie (D:5)
  A howler monkey zombie (D:9)
  7 adders
  4 gnolls (D:3)
  A white imp (D:6)
  2 ufetubi
  A worm (D:2)
  3 dart slugs
  40 orcs
  6 ball pythons
  8 endoplasms
  5 giant cockroaches
  7 goblins
  5 hobgoblins
  2 jackals (D:1)
  2 quokkas
  3 training dummies (D:7)
  5 bats
  3 frilled lizards
  12 kobolds
  3 rats
217 creatures vanquished.

Vanquished Creatures (collateral kills)
  A foxfire (D:10)
1 creature vanquished.

Vanquished Creatures (others)
  627 foxfires
627 creatures vanquished.

Grand Total: 845 creatures vanquished

Notes
Turn   | Place    | Note
-------+----------+-------------------------------------------
     0 | D:1      | robertstho the Djinni Fire Elementalist began the quest for
                  | the Orb.
     0 | D:1      | Reached XP level 1. HP: 15/15 MP: 0/0
   442 | D:1      | Reached XP level 2. HP: 16/21 MP: 0/0
  1353 | D:1      | Reached XP level 3. HP: 23/26 MP: 0/0
  1353 | D:1      | Learned a level 1 spell: Pain
  1386 | D:1      | Reached skill level 1 in Fighting
  1937 | D:2      | Reached skill level 3 in Spellcasting
  2128 | D:2      | Found a burning altar of Makhleb.
  2187 | D:2      | Noticed Natasha
  2190 | D:2      | Became a worshipper of Makhleb the Destroyer
  2194 | D:2      | Killed Natasha
  2195 | D:2      | Reached skill level 1 in Armour
  2195 | D:2      | Reached XP level 4. HP: 28/32 MP: 0/0
  2250 | D:2      | Noticed Natasha
  2252 | D:2      | Killed Natasha
  2603 | D:2      | Reached XP level 5. HP: 35/37 MP: 0/0
  2603 | D:2      | Learned a level 2 spell: Ensorcelled Hibernation
  2621 | D:2      | Noticed Natasha
  2629 | D:2      | Noticed Terence
  2636 | D:2      | Killed Terence
  2774 | D:2      | Killed Natasha
  2775 | D:2      | Reached skill level 1 in Invocations
  3465 | D:3      | Reached XP level 6. HP: 23/42 MP: 0/0
  3881 | D:3      | Found a faded altar of an unknown god.
  5194 | D:5      | Entered Level 5 of the Dungeon
  5249 | D:5      | Reached skill level 4 in Spellcasting
  5532 | D:5      | Reached * piety under Makhleb
  5558 | D:5      | Reached XP level 7. HP: 35/49 MP: 0/0
  5558 | D:5      | Learned a level 2 spell: Corpse Rot
  5692 | D:5      | Noticed Prince Ribbit
  5698 | D:5      | Killed Prince Ribbit
  6013 | D:5      | Noticed Grinder
  6018 | D:5      | Reached XP level 8. HP: 48/55 MP: 0/0
  6025 | D:5      | Killed Grinder
  6026 | D:5      | Reached skill level 5 in Spellcasting
  6357 | D:5      | Found Kefriyn's General Store.
  6380 | D:5      | Reached skill level 6 in Spellcasting
  6380 | D:5      | Reached XP level 9. HP: 35/61 MP: 0/0
  6380 | D:5      | Learned a level 3 spell: Gell's Gravitas
  6557 | D:5      | Noticed Duvessa
  6559 | D:5      | Noticed Dowan
  6564 | D:5      | Killed Dowan
  6790 | D:5      | Noticed Edmund
  6799 | D:5      | Killed Edmund
  6800 | D:5      | Noticed Sigmund
  6806 | D:5      | Killed Sigmund
  7022 | D:5      | Killed Duvessa
  7086 | D:6      | Reached skill level 5 in Dodging
  7124 | D:6      | Noticed Blork the orc
  7130 | D:6      | Killed Blork the orc
  7307 | D:6      | Noticed Eustachio
  7335 | D:6      | Killed Eustachio
  7495 | D:6      | Noticed Maggie
  7507 | D:6      | Killed Maggie
  7508 | D:6      | Reached skill level 7 in Spellcasting
  7699 | D:6      | Found Laoho's Book Shop.
  7714 | D:6      | Reached XP level 10. HP: 59/69 MP: 0/0
  7718 | D:6      | Reached ** piety under Makhleb
  7889 | D:6      | Found a staircase to the Ecumenical Temple.
  8085 | D:6      | You are sucked into a shaft and drop 2 floors!
  8121 | D:7      | Found Irufiwn's Firing Range.
  8932 | D:7      | Reached skill level 8 in Spellcasting
  9122 | D:7      | Found a runed translucent door.
  9123 | D:7      | Noticed Crazy Yiuf
  9158 | D:7      | Noticed Menkaure
  9165 | D:7      | Killed Menkaure
  9166 | D:7      | Reached skill level 5 in Armour
  9283 | D:7      | Reached skill level 5 in Fighting
  9283 | D:7      | Reached skill level 5 in Invocations
  9595 | D:7      | Killed Crazy Yiuf
  9659 | D:7      | Identified the +1 dagger of the Madman {antimagic, rC++
                  | Will+ Int-5 SInv}
  9707 | D:5      | Bought a potion of degeneration for 12 gold pieces
  9707 | D:5      | Bought a +2 helmet of see invisible for 258 gold pieces
 10477 | D:8      | Reached *** piety under Makhleb
 10875 | D:9      | Found a sparkling altar of Nemelex Xobeh.
 10875 | D:9      | Found a snail-covered altar of Cheibriados.
 10876 | D:9      | Found a stormy altar of Qazlal.
 11050 | D:9      | Found a blossoming altar of Fedhas.
 11094 | D:9      | Noticed Maurice
 11095 | D:9      | Noticed a kobold demonologist
 11100 | D:9      | Killed Maurice
 11101 | D:9      | Reached XP level 11. HP: 67/76 MP: 0/0
 11101 | D:9      | Learned a level 5 spell: Manifold Assault
 11385 | D:9      | Noticed a manticore
 11399 | D:9      | Killed a manticore
 11400 | D:9      | Reached skill level 1 in Short Blades
 11769 | D:10     | Entered Level 10 of the Dungeon
 11769 | D:10     | Found a flagged portal.
 11788 | Bailey   | Entered a bailey
 12057 | Bailey   | Reached **** piety under Makhleb
 12536 | Bailey   | Reached skill level 9 in Spellcasting
 12860 | Bailey   | Noticed an orc knight
 12868 | Bailey   | Demolished by an orc knight

Illustrated notes

Levels and vault maps discovered:
D:1:      minmay_arrival_doors, layout_loops_corners, minmay_hexomino_f4
D:2:      layout_basic, basic_altar, kennysheep_generic_room_11, uniq_natasha,
          uniq_terence
D:3:      layout_basic, kiku_gazebo_pond_becter,
          chequers_ecumenical_altar_simple_redux, bh_walls_and_bars
D:4:      layout_cave_pods, dk_noncrumbling_3
D:5:      layout_basic, serial_shops, shop_statue, st_stairs_12,
          grunt_ministairs_8, sigmund_edmund_badplayer, uniq_duvessa,
          uniq_prince_ribbit1, uniq_grinder
D:6:      layout_rooms, mainiacjoe_overflow_six_doors_small,
          minmay_temple_entry_stoned_glass, serial_shops, nicolae_shop_trees,
          uniq_blork_the_orc, uniq_maggie, uniq_eustachio
D:7:      layout_loops_cross, chequers_serial_rivers_room_a,
          eino_small_chamber_without_monster, ebering_dispersal_statue_hall,
          nicolae_shop_firing_range, uniq_crazy_yiuf_cottage, uniq_menkaure
D:8:      layout_basic, minmay_starry_boxes
D:9:      layout_loops_ring, nicolae_overflow_quartered_altars, uniq_maurice
D:10:     cheibrodos_frozen_isle, layout_gridville, tso_metal_star,
          grunt_lair_entry_orc_guard_hut, zombieorc2_lemuel, serial_shops,
          nicolae_stop_n_shop_2, enter_bailey_5, the_hattery, uniq_joseph
Bailey:   bailey_polearm_2, bailey

Skill      XL: |  1  2  3  4  5  6  7  8  9 10 11 |
---------------+----------------------------------+-----
Fighting       | 1 2 3 4 5 |  5.8
Spellcasting   | 3 4 6 7 8 9 |  9.1
Armour         | 1 2 3 4 5 |  5.9
Invocations    | 1 2 3 4 5 |  5.7
Dodging        | 3 4 5 6 |  6.7
Stealth        | 2 3 |  3.2
Short Blades   | 1 |  1.2

Action                   |  1- 3 |  4- 6 |  7- 9 | 10-12 || total
-------------------------+-------+-------+-------+-------++-------
Melee: Dagger            |       |     9 |     3 |    52 ||    64
 Cast: Foxfire           |    85 |    42 |    89 |   139 ||   355
       Scorch            |       |    51 |    60 |    61 ||   172
       Flame Wave        |       |       |     3 |    20 ||    23
       Ensorcelled Hiber |       |       |       |     1 ||     1
  Use: Scroll            |       |       |     1 |     6 ||     7
 Stab: Sleeping          |       |       |       |     2 ||     2
Armor: Robe              |     1 |     9 |     9 |       ||    19
       Steam dragon scal |       |       |       |    61 ||    61
Dodge: Dodged            |     4 |    27 |    33 |   115 ||   179

Table legend: (Time is in decaauts)
 A = Elapsed time spent in this place.
 B = Non-inter-level travel time spent in this place.
 C = Inter-level travel time spent in this place.
 D = Time resting spent in this place.
 E = Time spent auto-exploring this place.
 F = Levels seen in this place.
 G = Mean time per level.
                   A        B        C        D        E       F      G
               +--------+--------+--------+--------+--------+-----+--------+
         Total |  12866 |  12536 |    330 |    623 |  10517 |  11 | 1169.6 |
       Dungeon |  11786 |  11456 |    330 |    356 |   9884 |  10 | 1178.6 |
        Bailey |   1079 |   1079 |      0 |    267 |    633 |   1 | 1079.0 |
               +--------+--------+--------+--------+--------+-----+--------+

Top non-repeatable levels by time:
     D:5: 1915 daAuts
     D:1: 1862 daAuts
     D:7: 1546 daAuts
     D:2: 1317 daAuts
     D:6: 1235 daAuts
  Bailey: 1079 daAuts
     D:3: 1052 daAuts
     D:4: 959 daAuts
     D:8: 959 daAuts
     D:9: 918 daAuts
    D:10: 18 daAuts
